 Dungeon Crawl Stone Soup version 0.29.1-15-g9cfb28693d (webtiles) character file.

Game seed: 11734196681181111178

849 Heoruswealwe the Thaumaturge (level 7, -5/36 HPs)
             Began as a Deep Elf Earth Elementalist on Mar 24, 2023.
             Was an Initiate of Vehumet.
             Slain by a gnoll sergeant
             ... wielding a +3 spear
              (12 damage)
             ... on level 5 of the Dungeon.
             The game lasted 00:59:55 (4203 turns).

Heoruswealwe the Thaumaturge (DEEE)                 Turns: 4203, Time: 00:59:57

Health: -5/36      AC:  5    Str:  5    XL:     7   Next: 69%
Magic:  12/21      EV: 13    Int: 22    God:    Vehumet [......]
Gold:   88         SH:  0    Dex: 21    Spells: 13/23 levels left

rFire   . . .      SeeInvis .   b - +0 battleaxe
rCold   . . .      Faith    .   (shield currently unavailable)
rNeg    . . .      Spirit   .   c - +0 robe
rPois   .          Reflect  .   f - +0 helmet
rElec   .          Harm     .   (no cloak)
rCorr   .          Rampage  .   e - +0 pair of gloves
Will    .....                   d - +0 pair of boots
Stlth   ++........              (no amulet)
HPRegen 0.12/turn               g - +6 ring of dexterity
MPRegen 0.17/turn               (no ring)

@: no status effects
A: no striking features
a: Renounce Religion


You were on level 5 of the Dungeon.
You worshipped Vehumet.
Vehumet was noncommittal.
You visited 2 branches of the dungeon, and saw 6 of its levels.

You collected 242 gold pieces.
You spent 154 gold pieces at shops.

Inventory:

Hand Weapons
 b - a +0 battleaxe (weapon)
Armour
 c - a +0 robe (worn)
 d - a +0 pair of boots (worn)
 e - a +0 pair of gloves (worn)
 f - a +0 helmet (worn)
Magical Staves
 o - a staff of cold
Jewellery
 g - a +6 ring of dexterity (left hand)
Wands
 p - a wand of quicksilver (18)
 s - a wand of flame (20)
Scrolls
 k - 2 scrolls of blinking
 l - 2 scrolls of teleportation
 n - a scroll of enchant armour
 q - 2 scrolls of fear
Potions
 a - a potion of flight
 h - 8 potions of curing
 i - 2 potions of heal wounds
 j - a potion of magic
 m - a potion of lignification {unknown}
 r - a potion of haste {unknown}


   Skills:
 - Level 2.4 Dodging
 - Level 2.4 Stealth
 * Level 8.6 Spellcasting
 + Level 4.8 Transmutations
 + Level 5.7 Earth Magic


You had 13 spell levels left.
You knew the following spells:

 Your Spells              Type           Power      Damage    Failure   Level
a - Sandblast             Erth           68%        2d15      1%          1
c - Stone Arrow           Conj/Erth      44%        3d9       6%          3
d - Petrify               Tmut/Erth      32%        N/A       8%          4
z - Passwall              Tmut/Erth      26%        N/A       1%          2

Your spell library contained the following spells:

 Spells                   Type           Power      Damage    Failure   Level
 Spider Form              Tmut/Pois      20%        N/A       8%          3
 Ensorcelled Hibernation  Hex/Ice        18%        N/A       11%         2
 Gell's Gravitas          Tloc           9%         N/A       22%         3
 Lesser Beckoning         Tloc           9%         N/A       22%         3
 Teleport Other           Tloc           9%         N/A       22%         3
 Anguish                  Hex/Necr       4%         N/A       56%         4


Dungeon Overview and Level Annotations

Branches:
Dungeon (5/15)             Temple (1/1) D:4

Altars:
Ashenzari
Cheibriados
Dithmenos
Elyvilon
Fedhas
Gozag
Hepliaklqana
Makhleb
Okawaru
Ru
Trog
Uskayaw
Vehumet
Wu Jian
The Shining One

Shops:
D:2 !   D:3 *


Message History

You kill the gnoll!
Vehumet accepts your kill.
The gnoll sergeant hits you from afar with a +3 spear.
You are too injured to fight recklessly!
Casting: Sandblast (safe; 1% risk of failure)
Confirm with . or Enter, or press ? or * to list all spells.
Aiming: Sandblast (safe; 1% risk of failure)
Press: ? - help, Shift-Dir - straight line, f - gnoll sergeant
Aim: a gnoll sergeant, wielding a +3 spear and wearing a +0 scale mail (88% to hit)
The blast of sand hits the gnoll sergeant!
The gnoll sergeant is moderately wounded.
The gnoll sergeant closely misses you. The gnoll sergeant misses you.
Your magical contamination has completely faded away.
Casting: Sandblast (safe; 1% risk of failure)
Confirm with . or Enter, or press ? or * to list all spells.
Aiming: Sandblast (safe; 1% risk of failure)
Press: ? - help, Shift-Dir - straight line, f/p - gnoll sergeant
Aim: a gnoll sergeant, wielding a +3 spear and wearing a +0 scale mail (moderately wounded, 88% to hit)
The blast of sand hits the gnoll sergeant!
The gnoll sergeant is severely wounded.
The gnoll sergeant hits you from afar with a +3 spear.
Casting: Sandblast (safe; 1% risk of failure)
Confirm with . or Enter, or press ? or * to list all spells.
Aiming: Sandblast (safe; 1% risk of failure)
Press: ? - help, Shift-Dir - straight line, f/p - gnoll sergeant
Aim: a gnoll sergeant, wielding a +3 spear and wearing a +0 scale mail (severely wounded, 88% to hit)
The blast of sand hits the gnoll sergeant but does no damage.
The gnoll sergeant is severely wounded.
The gnoll sergeant misses you.
The gnoll sergeant hits you from afar with a +3 spear.
* * * LOW HITPOINT WARNING * * *
Casting: Sandblast (safe; 1% risk of failure)
Confirm with . or Enter, or press ? or * to list all spells.
Aiming: Sandblast (safe; 1% risk of failure)
Press: ? - help, Shift-Dir - straight line, f/p - gnoll sergeant
Aim: a gnoll sergeant, wielding a +3 spear and wearing a +0 scale mail (severely wounded, 88% to hit)
The blast of sand hits the gnoll sergeant but does no damage.
The gnoll sergeant is severely wounded.
The gnoll sergeant hits you from afar with a +3 spear!
You die...

P..♣...#...### ####
#....#.###...#.. ....
#....#...#...#.. .....
#....#...#...#.. .....
+....#...#...#.. ...).
#....#...#...#..
....#+##....##..#.#....
#g.........#########
#$)@.......#
#..........#
#..........#
############


You could see a gnoll sergeant.

Vanquished Creatures
  Sigmund (D:3)
  A sky beast (D:3)
  A necrophage (D:4)
  A scorpion (D:4)
  Blork the orc (D:4)
  2 hounds
  2 orc priests
  Jessica (D:2)
  An iguana (D:5)
  3 orc wizards
  3 gnolls (D:5)
  4 adders
  An ufetubus (D:4)
  5 dart slugs
  4 worms
  13 orcs
  3 ball pythons
  7 endoplasms
  2 giant cockroaches
  6 goblins
  5 hobgoblins
  3 jackals (D:2)
  4 kobolds
  2 quokkas (D:1)
  4 bats
  2 frilled lizards (D:1)
  3 rats
85 creatures vanquished.

Vanquished Creatures (others)
  22 plants
  12 withered plants (D:1)
34 creatures vanquished.

Grand Total: 119 creatures vanquished

Notes
Turn   | Place    | Note
-------+----------+-------------------------------------------
     0 | D:1      | Heoruswealwe the Deep Elf Earth Elementalist began the
                  | quest for the Orb.
     0 | D:1      | Reached XP level 1. HP: 10/10 MP: 6/6
   121 | D:1      | Reached XP level 2. HP: 15/15 MP: 4/8
   182 | D:1      | Found a faded altar of an unknown god.
   208 | D:1      | Prayed at the altar of an unknown god.
   208 | D:1      | Became a worshipper of Elyvilon the Healer
   208 | D:1      | Reached * piety under Elyvilon
   620 | D:1      | Learned a level 2 spell: Passwall
   788 | D:2      | Reached skill level 4 in Spellcasting
   788 | D:2      | Reached XP level 3. HP: 19/19 MP: 6/10
   803 | D:2      | Learned a level 3 spell: Stone Arrow
   836 | D:2      | Found Joecsege's Distillery.
   866 | D:2      | Reached ** piety under Elyvilon
   982 | D:2      | Noticed Jessica
   993 | D:2      | Killed Jessica
  1274 | D:2      | Reached XP level 4. HP: 24/24 MP: 10/12
  1428 | D:2      | Found a hide-covered altar of Uskayaw.
  1771 | D:1      | Learned a level 4 spell: Petrify
  1809 | D:2      | Bought a potion of flight for 42 gold pieces
  1809 | D:2      | Bought a potion of heal wounds for 70 gold pieces
  1944 | D:3      | Reached skill level 5 in Spellcasting
  1975 | D:3      | Noticed Sigmund
  1983 | D:3      | Killed Sigmund
  1984 | D:3      | Reached skill level 6 in Spellcasting
  1984 | D:3      | Reached XP level 5. HP: 13/28 MP: 8/15
  1985 | D:3      | Found a hazy altar of Hepliaklqana.
  2232 | D:3      | Found an iron altar of Okawaru.
  2295 | D:3      | Reached *** piety under Elyvilon
  2360 | D:3      | Found an opulent altar of Gozag.
  2385 | D:3      | Found Gozag's Platinum Reserve.
  2416 | D:3      | Reached XP level 6. HP: 32/32 MP: 13/17
  2686 | D:2      | Bought a potion of curing for 42 gold pieces
  2809 | D:4      | Noticed a sky beast
  2820 | D:3      | Killed a sky beast
  2990 | D:4      | Noticed Blork the orc
  2991 | D:4      | Reached skill level 7 in Spellcasting
  2991 | D:4      | Reached skill level 5 in Earth Magic
  2996 | D:4      | Killed Blork the orc
  3033 | D:4      | Reached XP level 7. HP: 20/36 MP: 13/20
  3366 | D:4      | Found a white marble altar of Elyvilon.
  3484 | D:4      | Found a staircase to the Ecumenical Temple.
  3516 | Temple   | Entered the Ecumenical Temple
  3581 | Temple   | Fell from the grace of Elyvilon
  3581 | Temple   | Became a worshipper of Vehumet
  3636 | D:4      | Reached skill level 8 in Spellcasting
  3857 | D:5      | Entered Level 5 of the Dungeon
  4203 | D:5      | Slain by a gnoll sergeant

Illustrated notes

Levels and vault maps discovered:
D:1:      dpeg_arrival_solitude, layout_loops_ring,
          shapermc_ecumenical_altar_flowoftime
D:2:      layout_basic, serial_shops, nicolae_shop_stone, basic_altar,
          uniq_jessica
D:3:      layout_loops_ring, mainiacjoe_overflow_six_doors_small,
          mainiacjoe_overflow_small_starburst, nicolae_gozag_zags_fifth_avenue,
          uniq_sigmund
D:4:      cheibrodos_old_hovel, layout_cave_pools, elyvilon_altar_5,
          minmay_temple_entry_hall, uniq_blork_the_orc
D:5:      layout_gridville, serial_bayou, serial_bayou_lake_a,
          serial_bayou_pond_a, serial_bayou_crossing, serial_bayou_shore_a,
          kennysheep_generic_room_11, uniq_edmund
Temple:   eino_temple_lava

Skill      XL: |  1  2  3  4  5  6  7 |
---------------+----------------------+-----
Spellcasting   | 4 6 7 8 |  8.6
Transmutations | 2 3 4 |  4.8
Earth Magic    | 4 5 |  5.7
Dodging        | |  2.4
Stealth        | |  2.4

Action                   |  1- 3 |  4- 6 |  7- 9 || total
-------------------------+-------+-------+-------++-------
Melee: Unarmed           |   114 |       |       ||   114
       Punch             |     2 |       |       ||     2
       Hand axe          |       |     1 |       ||     1
       Battleaxe         |       |       |    21 ||    21
 Cast: Sandblast         |    45 |    60 |    59 ||   164
       Passwall          |       |     5 |       ||     5
  Use: Scroll            |       |     7 |     2 ||     9
 Stab: Distracted        |       |     1 |       ||     1
Armor: Robe              |     4 |     5 |     4 ||    13
Dodge: Dodged            |    13 |    13 |    28 ||    54
